AoeStats
← 穿山甲

Arena

506107916Analyzed
4v4 RM · 19d ago on Sep 12, 2026· 35m 56s· 8 players
Game mode
Random Map
Map size
Large (8 player)
Population
200
Speed
Normal
Resources
Standard
Victory
Conquest
Starting age
Dark Age
Ending age
Imperial Age
RankedLock teamsTeams togetherTeam positionsShared explorationLock speedFull tech treeHidden civsTurbo modeCheats
Victory
Defeat
🇨🇳 Inca · China
1591
+7
🇨🇳 Malians · China
1514
+9
🇨🇳 Bengalis · China
1400
+13
🇨🇳 Teutons · China
1358
+14
1400
-13
🇨🇳 Mapuche · China
1335
-10
🇨🇳 Muisca · China
1324
-10
🇵🇹 Franks · Portugal
1315
-10
冰人
9:09 Loom
10:57 Feudal Age
13:29 Fletching
13:40 Double-Bit Axe
20:01 Town Watch
20:51 Wheelbarrow
24:18 Castle Age
22:29 Gold Mining
23:43 Scale Barding Armor
23:52 Forging
24:36 Scale Barding Armor
25:40 Bow Saw
27:27 Iron Casting
27:17 Light Cavalry
27:58 Husbandry
28:00 Devotion
The Long Dark
10:41 Feudal Age
15:18 Castle Age
14:27 Horse Collar
14:35 Double-Bit Axe
16:11 Heavy Plow
16:27 Bow Saw
17:28 Heavy Plow
23:49 Wheelbarrow
23:16 Gold Mining
23:19 Stone Mining
27:37 Imperial Age
25:02 Loom
25:02 Town Watch
26:08 Gold Shaft Mining
26:19 Stone Shaft Mining
26:36 Forging
26:27 Scale Mail Armor
27:09 Hand Cart
27:57 Herbalism
29:40 Two-Man Saw
29:05 Conscription
29:14 Squires
29:34 Chain Mail Armor
29:54 Iron Casting
29:32 Elite Temple Guard
32:30 Fletching
33:18 Huaracas
33:38 Thumb Ring
蕾开丝滑
11:01 Feudal Age
14:54 Castle Age
13:15 Horse Collar
16:28 Double-Bit Axe
17:34 Bow Saw
19:03 Heavy Plow
20:56 Wheelbarrow
23:11 Hand Cart
23:19 Stone Mining
23:20 Gold Mining
26:47 Stone Shaft Mining
26:48 Gold Shaft Mining
29:52 Imperial Age
27:09 Loom
27:21 Treadmill Crane
28:00 Forging
29:23 Iron Casting
28:52 Padded Archer Armor
28:42 Fletching
29:57 Leather Archer Armor
29:48 Malon
30:58 Ballistics
30:36 Bodkin Arrow
31:05 Conscription
32:27 Ring Archer Armor
33:05 Chemistry
32:12 Siege Engineers
31:37 Elite Bolas Rider
35:27 Butalmapu
stop_whining_start_winning
10:17 Feudal Age
14:04 Castle Age
12:09 Double-Bit Axe
12:18 Horse Collar
13:29 Loom
17:28 Bow Saw
23:48 Wheelbarrow
23:04 Gold Mining
24:58 Heavy Plow
25:08 Fletching
25:30 Stone Mining
26:21 Gold Shaft Mining
30:37 Imperial Age
28:26 Bodkin Arrow
28:44 Padded Archer Armor
29:46 Hand Cart
29:43 Husbandry
29:53 Bloodlines
30:25 Leather Archer Armor
31:23 Bracer
32:51 Ballistics
32:44 Heavy Cavalry Archer
35:20 Chemistry
Coriandrum sativum
10:08 Feudal Age
14:07 Castle Age
11:56 Horse Collar
12:58 Double-Bit Axe
15:22 Bow Saw
21:49 Wheelbarrow
21:59 Gold Mining
27:17 Imperial Age
24:34 Loom
25:25 Hand Cart
25:15 Heavy Plow
25:28 Scale Mail Armor
25:39 Forging
25:09 Man-at-Arms
25:49 Squires
26:17 Forging
27:02 Chain Mail Armor
26:23 Long Swordsman
27:44 Gold Shaft Mining
27:02 Stone Mining
27:16 Arson
27:21 Two-Handed Swordsman
28:41 Plate Mail Armor
29:00 Conscription
29:46 Chemistry
28:29 Champion
30:29 Stone Shaft Mining
29:56 Town Watch
31:05 Iron Casting
33:48 Hoardings
35:29 Scale Barding Armor
35:28 Farimba
36:22 Bloodlines
36:13 Husbandry
36:36 Chain Barding Armor
Paladin
11:09 Feudal Age
12:06 Double-Bit Axe
15:05 Castle Age
13:15 Horse Collar
16:14 Bow Saw
20:28 Wheelbarrow
19:54 Loom
20:54 Loom
21:09 Loom
23:59 Heavy Plow
26:09 Hand Cart
29:41 Imperial Age
27:46 Scale Mail Armor
27:56 Forging
28:08 Gold Mining
28:08 Stone Mining
28:51 Chain Mail Armor
29:30 Gold Shaft Mining
29:58 Stone Shaft Mining
30:02 Iron Casting
29:36 Town Watch
29:46 Capped Ram
30:23 Elite Kamayuk
32:27 Blast Furnace
32:15 Conscription
32:41 Plate Mail Armor
32:08 Siege Ram
33:08 Fabric Shields
33:38 Fletching
34:07 Padded Archer Armor
34:25 Bodkin Arrow
34:55 Ballistics
34:47 Andean Sling
35:18 Leather Archer Armor
35:14 Bracer
34:44 Elite Skirmisher
35:30 Thumb Ring
36:35 Chemistry
36:03 Masonry
36:34 Ring Archer Armor
穿山甲
10:56 Feudal Age
14:55 Castle Age
12:58 Double-Bit Axe
13:29 Horse Collar
22:37 Wheelbarrow
21:47 Town Watch
22:55 Bow Saw
22:46 Heavy Plow
25:47 Hand Cart
25:43 Gold Mining
25:44 Stone Mining
30:25 Imperial Age
29:05 Scale Barding Armor
29:10 Forging
29:43 Coinage
29:29 Bloodlines
29:36 Forging
29:40 Loom
31:11 Chain Barding Armor
31:26 Iron Casting
30:28 Cavalier
32:10 Devotion
32:14 Paladin
33:45 Plate Barding Armor
33:44 Capped Ram
37:36 Blast Furnace
instant cereal
8:36 Feudal Age
7:26 Loom
9:08 Double-Bit Axe
12:30 Fletching
17:01 Gold Mining
19:49 Castle Age
18:57 Horse Collar
20:43 Bow Saw
25:10 Imperial Age
23:11 Stone Mining
25:32 Wheelbarrow
26:08 Block Printing
26:42 Gold Shaft Mining
27:28 Redemption
27:35 Treadmill Crane
28:28 Town Watch
29:18 Sanctity
30:23 Hand Cart
31:03 Fervor
32:03 Conscription
31:57 Bodkin Arrow
32:28 Padded Archer Armor
33:20 Illumination
34:05 Two-Man Saw
34:18 Paiks
35:33 Bracer
36:38 Chemistry
36:02 Heavy Plow
Connection lost

Rejoining the realm…

Still unreachable

The connection could not be restored.

Session expired

The server has moved on; the page needs a fresh start.